 Dungeon Crawl Stone Soup version 0.25.1-8-g42b30a86e7 (webtiles) character file.

Game seed: 14840992590777442254

415 nikku the Chiller (level 6, -7/32 HPs)
             Began as a Deep Elf Ice Elementalist on Dec 12, 2020.
             Was an Initiate of Vehumet.
             Mangled by Menkaure (17 damage)
             ... on level 4 of the Dungeon.
             The game lasted 00:15:27 (5318 turns).

nikku the Chiller (Deep Elf Ice Elementalist)       Turns: 5318, Time: 00:15:27

Health: -7/32      AC:  4    Str:  7    XL:     6   Next: 60%
Magic:  5/16       EV: 15    Int: 20    God:    Vehumet [......]
Gold:   264        SH:  0    Dex: 15    Spells: 2/15 levels left

rFire    + . .     SeeInvis .   p - +2 dagger (venom)
rCold    . . .     Gourm    .   (no shield)
rNeg     . . .     Faith    .   h - +2 robe {rF+}
rPois    .         Spirit   .   r - +0 hat
rElec    .         Reflect  .   (no cloak)
rCorr    +         Harm     .   (no gloves)
MR       .....                  (no boots)
Stlth    ++........             (no amulet)
HPRegen  0.10/turn              l - ring of resist corrosion
MPRegen  0.15/turn              (no ring)

@: very slightly contaminated
A: no striking features
a: Renounce Religion


You were on level 4 of the Dungeon.
You worshipped Vehumet.
Vehumet was noncommittal.
You were not hungry.

You visited 2 branches of the dungeon, and saw 5 of its levels.

You collected 264 gold pieces.

Inventory:

Hand Weapons
 p - a +2 dagger of venom (weapon)
Missiles
 d - 10 poisoned darts
 j - a stone (quivered)
Armour
 h - a +2 robe of fire resistance (worn)
 k - a +0 kite shield
 r - a +0 hat (worn)
Jewellery
 l - a ring of resist corrosion (left hand)
Wands
 g - a wand of iceblast (10)
Scrolls
 a - a scroll of teleportation
 b - 2 scrolls of remove curse
 q - a scroll of identify
 t - a scroll of magic mapping
Potions
 e - a potion of lignification
 f - 2 potions of curing
 i - a potion of flight
 m - 6 potions of heal wounds
 n - a potion of brilliance
 o - a potion of might {unknown}
Comestibles
 c - 9 rations
 s - a chunk of flesh


   Skills:
 + Level 4.6 Dodging
 - Level 3.0 Stealth
 + Level 5.3 Spellcasting
 + Level 2.4 Conjurations
 + Level 2.0 Summonings
 + Level 5.7 Ice Magic


You had 2 spell levels left.
You knew the following spells:

 Your Spells              Type           Power        Failure   Level  Hunger
a - Freeze                Ice            ####         1%          1    None
b - Magic Dart            Conj           ###.         4%          1    None
c - Frozen Ramparts       Ice            ####..       3%          3    ##.....
d - Summon Ice Beast      Ice/Summ       ###.....     22%         4    ####...
e - Hailstorm             Conj/Ice       ###.....     21%         4    ####...

Your spell library contained the following spells:

 Spells                   Type           Power        Failure   Level  Hunger
 Call Imp                 Summ           ##......     8%          2    None
 Blink                    Tloc           N/A          17%         2    None
 Slow                     Hex            #.......     17%         2    None
 Ozocubu's Armour         Chrm/Ice       ###.....     11%         3    ##.....
 Conjure Flame            Conj/Fire      ##......     21%         3    ##.....
 Mephitic Cloud           Conj/Pois/Air  #.......     24%         3    ##.....


Dungeon Overview and Level Annotations

Branches:
Dungeon (4/15)             Temple (1/1) D:4

Altars:
Ashenzari
Cheibriados
Dithmenos
Elyvilon
Hepliaklqana
Kikubaaqudgha
Nemelex Xobeh
Qazlal
Ru
Trog
Vehumet
Wu Jian
Yredelemnul
The Shining One

Annotations:
D:2 1 runed translucent door, Crazy Yiuf
D:4 Menkaure


Message History

Menkaure is severely damaged.
Casting: Magic Dart (safe; 4% risk of failure)
Confirm with . or Enter, or press ? or * to list all spells.
Aiming: Freeze (safe; 1% risk of failure)
Press: ? - help, Shift-Dir - straight line, f/p - Menkaure
Aim: Menkaure (severely damaged) Menkaure resists.
You freeze Menkaure.
Menkaure is severely damaged.
Menkaure points at you and mumbles some strange words.
Pain shoots through your body!
Casting: Freeze (safe; 1% risk of failure)
Confirm with . or Enter, or press ? or * to list all spells.
Aiming: Magic Dart (safe; 4% risk of failure)
Press: ? - help, Shift-Dir - straight line, f/p - Menkaure
Aim: Menkaure (severely damaged)
The magic dart hits Menkaure.
Menkaure is almost destroyed.
Menkaure hits you!
Ouch! That really hurt!
You die...

#.# #.........#...............
..# #..........................
.###.......................####
. .............................
..
...#.................########
###..............#...).....[
#########......########...
#.M....# ######.##
#####@.....###......#
!................######
##################


You could see Menkaure.

Vanquished Creatures
  A scorpion (D:4)
  A hound (D:4)
  An orc wizard (D:4)
  An orc priest (D:4)
  3 iguanas (D:4)
  2 worker ants (D:4)
  A howler monkey skeleton (D:4)
  3 adders
  An ooze (D:1)
  An adder zombie (D:4)
  5 worms
  A dart slug (D:2)
  3 leopard geckos (D:1)
  15 orcs
  6 bats
  3 giant cockroaches
  6 goblins
  4 hobgoblins
  9 jackals
  6 kobolds
  A ball python (D:1)
  3 frilled lizards
  8 rats
85 creatures vanquished.

Notes
Turn   | Place    | Note
-------+----------+-------------------------------------------
     0 | D:1      | nikku the Deep Elf Ice Elementalist began the quest for the
                  | Orb.
     0 | D:1      | Reached XP level 1. HP: 10/10 MP: 6/6
   118 | D:1      | Reached XP level 2. HP: 15/15 MP: 2/8
   993 | D:1      | Reached XP level 3. HP: 19/19 MP: 8/10
  1339 | D:2      | Found a sacrificial altar of Ru.
  1918 | D:2      | Learned a level 3 spell: Frozen Ramparts
  2541 | D:2      | Found a runed translucent door.
  2542 | D:2      | Noticed Crazy Yiuf
  2678 | D:3      | Reached skill level 5 in Ice Magic
  2678 | D:3      | Reached XP level 4. HP: 24/24 MP: 9/12
  2684 | D:3      | Learned a level 4 spell: Hailstorm
  3322 | D:3      | Noticed a moth of wrath
  3332 | D:3      | Found a bloodstained altar of Trog.
  3476 | D:3      | Learned a level 1 spell: Magic Dart
  3999 | D:4      | Reached skill level 1 in Conjurations
  4082 | D:4      | Reached XP level 5. HP: 20/28 MP: 7/13
  4088 | D:4      | Learned a level 4 spell: Summon Ice Beast
  4392 | D:4      | Noticed Menkaure
  4501 | D:4      | Reached skill level 1 in Summonings
  4509 | D:4      | Reached skill level 5 in Spellcasting
  4513 | D:4      | Reached XP level 6. HP: 26/32 MP: 10/15
  4660 | D:4      | Found a staircase to the Ecumenical Temple.
  4691 | Temple   | Entered the Ecumenical Temple
  4974 | Temple   | Became a worshipper of Vehumet
  5318 | D:4      | Mangled by Menkaure

Illustrated notes

Levels and vault maps discovered:
D:1:      minmay_arrival_open_corners, layout_basic
D:2:      layout_loops_ring, nicolae_ru_awakened_eye, minmay_unequal,
          uniq_crazy_yiuf_cottage
D:3:      layout_loops_corners, first_ration, tgw_trog
D:4:      layout_rooms, minmay_temple_entry_ruins, uniq_menkaure
Temple:   oiseaux_autumnal_temple

Skill      XL: |  1  2  3  4  5  6 |
---------------+-------------------+-----
Stealth        | 3 |  3.0
Dodging        | 3 4 |  4.6
Spellcasting   | 4 5 |  5.3
Ice Magic      | 5 |  5.7
Conjurations   | 1 2 |  2.4
Summonings     | 1 2 |  2.0

Action                   |  1- 3 |  4- 6 || total
-------------------------+-------+-------++-------
Melee: Whip              |     1 |       ||     1
       Dagger            |     3 |    39 ||    42
Throw: Stone             |     9 |    25 ||    34
 Cast: Freeze            |    65 |    22 ||    87
       Frozen Ramparts   |       |    15 ||    15
       Magic Dart        |       |    52 ||    52
  Use: Scroll            |    11 |     5 ||    16
  Eat: Chunk             |     1 |    10 ||    11
       Ration            |     1 |       ||     1
Armor: Robe              |     7 |    11 ||    18
Dodge: Dodged            |    39 |    37 ||    76
